TOP OF THE 1ST |
Alabama Crimson Tide batting - Pitching for Kentucky Wildcats : RHP Dana Germán
|
Pitching: RHP Dana Germán
|
|
Batting: RHB Jason Carr
|
0-0: Bunt for hit - play at first, batter OUT! 1-3
|
Batting: SHB Bobby Riggs
|
0-0: Foul Ball, location: 2F 0-1: Called Strike 0-2: SINGLE (Flyball, 7LS)
|
Batting: LHB Steve Woods
|
0-0: Ball 1-0: Ball 2-0: Fly out, F7 (Line Drive, 7)
|
Batting: LHB Jorge Rivera
|
0-0: Called Strike 0-1: Ball 1-1: DOUBLE (Line Drive, 7LM) Bobby Riggs to third Runner from 3rd tries for Home, SAFE, no throw
|
Batting: LHB Steve Blankenship
|
0-0: Swinging Strike 0-1: Called Strike 0-2: Ball 1-2: Strikes out looking
|
Top of the 1st over - 1 run(s), 2 hit(s), 0 error(s), 1 left on base; Alabama 1 - Kentucky 0 |
BOTTOM OF THE 1ST |
Kentucky Wildcats batting - Pitching for Alabama Crimson Tide : RHP Hubert Chilcott
|
Pitching: RHP Hubert Chilcott
|
|
Batting: RHB Lewis Childress
|
0-0: Called Strike 0-1: Fly out, F7 (Flyball, 7)
|
Batting: RHB Haywood Young
|
0-0: Called Strike 0-1: Called Strike 0-2: Foul Ball, location: 2F 0-2: Strikes out swinging
|
Batting: LHB Mark Sanders
|
0-0: Ground out 6-3 (Groundball, 6)
|
Bottom of the 1st over - 0 run(s), 0 hit(s), 0 error(s), 0 left on base; Alabama 1 - Kentucky 0 |
TOP OF THE 2ND |
Alabama Crimson Tide batting - Pitching for Kentucky Wildcats : RHP Dana Germán
|
Batting: RHB Tommy Adams
|
0-0: Foul Ball, location: 2F 0-1: Ball 1-1: Called Strike 1-2: Strikes out swinging
|
Batting: SHB Dave Wilson
|
0-0: Ball 1-0: Fly out, F5 (Popup, 5L)
|
Batting: LHB Clarence Bowen
|
0-0: Swinging Strike 0-1: Foul Ball, location: 2F 0-2: Strikes out swinging
|
Top of the 2nd over - 0 run(s), 0 hit(s), 0 error(s), 0 left on base; Alabama 1 - Kentucky 0 |
BOTTOM OF THE 2ND |
Kentucky Wildcats batting - Pitching for Alabama Crimson Tide : RHP Hubert Chilcott
|
Batting: RHB Pat Johnston
|
0-0: Called Strike 0-1: Ball 1-1: Foul Ball, location: 2F 1-2: Ball 2-2: Foul Ball, location: 2F 2-2: Ball 3-2: Fly out, F9 (Flyball, 9LM)
|
Batting: SHB Eduardo Luna
|
0-0: Ball 1-0: Foul Ball, location: 2F 1-1: Ground out 1-3 (Groundball, 13)
|
Batting: LHB Matt Taylor
|
0-0: Swinging Strike 0-1: Ball 1-1: SINGLE (Line Drive, 8RS)
|
Batting: RHB Jacob Burke
|
0-0: Foul Ball, location: 2F 0-1: Ball Matt Taylor steals 2nd base 1-1: Foul Ball, location: 2F 1-2: SINGLE (Flyball, 6D) Matt Taylor to third Runner from 3rd tries for Home, SAFE, no throw
|
Batting: SHB Russ Beasley
|
0-0: Ball 1-0: Ground out U3 (Groundball, 3S)
|
Bottom of the 2nd over - 1 run(s), 2 hit(s), 0 error(s), 1 left on base; Alabama 1 - Kentucky 1 |
TOP OF THE 3RD |
Alabama Crimson Tide batting - Pitching for Kentucky Wildcats : RHP Dana Germán
|
Batting: RHB Alfredo Bernard
|
0-0: Called Strike 0-1: Foul Ball, location: 2F 0-2: Ball 1-2: Fly out, F9 (Line Drive, 89M)
|
Batting: RHB Jason Carr
|
0-0: Called Strike 0-1: Ball 1-1: Called Strike 1-2: Ball 2-2: Fly out, F8 (Flyball, 8RD)
|
Batting: SHB Bobby Riggs
|
0-0: Ball 1-0: Fly out, F7 (Flyball, 7)
|
Top of the 3rd over - 0 run(s), 0 hit(s), 0 error(s), 0 left on base; Alabama 1 - Kentucky 1 |
BOTTOM OF THE 3RD |
Kentucky Wildcats batting - Pitching for Alabama Crimson Tide : RHP Hubert Chilcott
|
Batting: RHB Johnny Carson
|
0-0: Called Strike 0-1: Ball 1-1: Foul Ball, location: 2F 1-2: Strikes out swinging
|
Batting: RHB Lewis Childress
|
0-0: Hit by Pitch
|
Batting: RHB Haywood Young
|
0-0: Foul Ball, location: 2F 0-1: Ball 1-1: Ball 2-1: Swinging Strike 2-2: Strikes out swinging
|
Batting: LHB Mark Sanders
|
0-0: Called Strike Lewis Childress is caught stealing 2nd base
|
Bottom of the 3rd over - 0 run(s), 0 hit(s), 0 error(s), 0 left on base; Alabama 1 - Kentucky 1 |
TOP OF THE 4TH |
Alabama Crimson Tide batting - Pitching for Kentucky Wildcats : RHP Dana Germán
|
Batting: LHB Steve Woods
|
0-0: Ball 1-0: Foul Ball, location: 2F 1-1: SINGLE (Groundball, 6MD)
|
Batting: LHB Jorge Rivera
|
0-0: Ball 1-0: Ball 2-0: Ball 3-0: Called Strike 3-1: Base on Balls Steve Woods to second
|
Batting: LHB Steve Blankenship
|
0-0: Ball 1-0: Foul Ball, location: 2F 1-1: Called Strike 1-2: Ball 2-2: Strikes out swinging
|
Batting: RHB Tommy Adams
|
0-0: Ball 1-0: Ball 2-0: Grounds into double play, 4-6-3 (Groundball, 4M)
|
Top of the 4th over - 0 run(s), 1 hit(s), 0 error(s), 1 left on base; Alabama 1 - Kentucky 1 |
BOTTOM OF THE 4TH |
Kentucky Wildcats batting - Pitching for Alabama Crimson Tide : RHP Hubert Chilcott
|
Batting: LHB Mark Sanders
|
0-0: Ball 1-0: Called Strike 1-1: Ball 2-1: Ball 3-1: Base on Balls
|
Batting: RHB Pat Johnston
|
0-0: Ball 1-0: Swinging Strike 1-1: Ball 2-1: Foul Ball, location: 2F 2-2: Foul Ball, location: 2F 2-2: Strikes out looking
|
Batting: SHB Eduardo Luna
|
0-0: Ball 1-0: Foul Ball, location: 2F 1-1: Ball 2-1: Fly out, F1 (Popup, 13)
|
Batting: LHB Matt Taylor
|
0-0: Ball Mark Sanders steals 2nd base 1-0: Ball 2-0: Fly out, F3 (Line Drive, 3L)
|
Bottom of the 4th over - 0 run(s), 0 hit(s), 0 error(s), 1 left on base; Alabama 1 - Kentucky 1 |
TOP OF THE 5TH |
Alabama Crimson Tide batting - Pitching for Kentucky Wildcats : RHP Dana Germán
|
Batting: SHB Dave Wilson
|
0-0: Ball 1-0: Swinging Strike 1-1: Ball 2-1: Fly out, F8 (Line Drive, 8RM)
|
Batting: LHB Clarence Bowen
|
0-0: Swinging Strike 0-1: Foul Ball, location: 2F 0-2: Ball 1-2: Strikes out swinging
|
Batting: RHB Alfredo Bernard
|
0-0: Called Strike 0-1: Foul Ball, location: 2F 0-2: Fly out, F8 (Flyball, 8LM)
|
Top of the 5th over - 0 run(s), 0 hit(s), 0 error(s), 0 left on base; Alabama 1 - Kentucky 1 |
BOTTOM OF THE 5TH |
Kentucky Wildcats batting - Pitching for Alabama Crimson Tide : RHP Hubert Chilcott
|
Batting: RHB Jacob Burke
|
0-0: Called Strike 0-1: Foul Ball, location: 2F 0-2: Ball 1-2: Ground out 2-3 (Groundball, 15S)
|
Batting: SHB Russ Beasley
|
0-0: Ball 1-0: Called Strike 1-1: Ground out 6-3 (Groundball, 6)
|
Batting: RHB Johnny Carson
|
0-0: Called Strike 0-1: Swinging Strike 0-2: Ball 1-2: Ball 2-2: Ball 3-2: Fly out, F8 (Flyball, 8LD)
|
Bottom of the 5th over - 0 run(s), 0 hit(s), 0 error(s), 0 left on base; Alabama 1 - Kentucky 1 |
TOP OF THE 6TH |
Alabama Crimson Tide batting - Pitching for Kentucky Wildcats : RHP Dana Germán
|
Batting: RHB Jason Carr
|
0-0: Ball 1-0: Ball 2-0: Ball 3-0: Base on Balls
|
Batting: SHB Bobby Riggs
|
0-0: Called Strike 0-1: Foul Ball, location: 2F 0-2: Foul Ball, location: 2F 0-2: Strikes out looking
|
Batting: LHB Steve Woods
|
0-0: Ball 1-0: Swinging Strike 1-1: Ball 2-1: SINGLE (Line Drive, 56D) Jason Carr to second
|
Batting: LHB Jorge Rivera
|
0-0: Ball 1-0: Ball 2-0: Ball 3-0: Foul Ball, location: 2F 3-1: Called Strike 3-2: Base on Balls Jason Carr to third Steve Woods to second
|
Batting: LHB Steve Blankenship
|
0-0: Ball 1-0: Ball 2-0: Called Strike 2-1: Called Strike 2-2: Ball 3-2: Foul Ball, location: 2F 3-2: Foul Ball, location: 2F 3-2: Foul Ball, location: 2F 3-2: Foul Ball, location: 2F 3-2: Foul Ball, location: 2F 3-2: Fly out, F9 (Flyball, 9) Runner from 3rd tags up, SCORES, no throw
|
Pitching: RHP Luis Vela
|
|
Batting: RHB Tommy Adams
|
0-0: SINGLE (Line Drive, 34) Steve Woods to third Jorge Rivera to second Runner from 3rd tries for Home, SAFE, no throw
|
Batting: SHB Dave Wilson
|
0-0: Fielders Choice at 2nd, 4-6 (Groundball, 4)
|
Top of the 6th over - 2 run(s), 2 hit(s), 0 error(s), 1 left on base; Alabama 3 - Kentucky 1 |
BOTTOM OF THE 6TH |
Kentucky Wildcats batting - Pitching for Alabama Crimson Tide : RHP Hubert Chilcott
|
Batting: RHB Lewis Childress
|
0-0: Ball 1-0: Called Strike 1-1: Called Strike 1-2: Fly out, F8 (Flyball, 8LM)
|
Batting: RHB Haywood Young
|
0-0: Ball 1-0: Swinging Strike 1-1: Ball 2-1: Ball 3-1: Called Strike 3-2: Base on Balls
|
Batting: LHB Mark Sanders
|
0-0: Ball 1-0: Ball 2-0: Ball 3-0: Base on Balls Haywood Young to second
|
Pitching: RHP Eddie Good
|
|
Batting: RHB Pat Johnston
|
0-0: Foul Ball, location: 2F 0-1: Swinging Strike 0-2: Strikes out swinging
|
Batting: SHB Eduardo Luna
|
0-0: Foul Ball, location: 2F 0-1: Ball 1-1: Fly out, F7 (Line Drive, 7)
|
Bottom of the 6th over - 0 run(s), 0 hit(s), 0 error(s), 2 left on base; Alabama 3 - Kentucky 1 |
TOP OF THE 7TH |
Alabama Crimson Tide batting - Pitching for Kentucky Wildcats : RHP Luis Vela
|
Batting: LHB Clarence Bowen
|
0-0: Foul Ball, location: 2F 0-1: Foul Ball, location: 2F 0-2: Foul Ball, location: 2F 0-2: Ball 1-2: Strikes out swinging
|
Batting: RHB Alfredo Bernard
|
0-0: Called Strike 0-1: Ball 1-1: Swinging Strike 1-2: Fly out, F8 (Flyball, 8RM)
|
Batting: RHB Jason Carr
|
0-0: Called Strike 0-1: Ball 1-1: Ground out 5-3 (Groundball, 56S)
|
Top of the 7th over - 0 run(s), 0 hit(s), 0 error(s), 0 left on base; Alabama 3 - Kentucky 1 |
BOTTOM OF THE 7TH |
Kentucky Wildcats batting - Pitching for Alabama Crimson Tide : RHP Eddie Good
|
Batting: LHB Matt Taylor
|
0-0: Swinging Strike 0-1: Ball 1-1: Foul Ball, location: 2F 1-2: Foul Ball, location: 2F 1-2: SOLO HOME RUN (Flyball, 9LD), Distance : 312 ft
|
Batting: RHB Jacob Burke
|
0-0: Ball 1-0: Called Strike 1-1: Foul Ball, location: 2F 1-2: Ball 2-2: Ball 3-2: Foul Ball, location: 2F 3-2: Base on Balls
|
Batting: SHB Russ Beasley
|
0-0: Called Strike 0-1: Ball 1-1: Ball 2-1: Foul Ball, location: 2F 2-2: Ground out 4-3 (Groundball, 34) Jacob Burke to second
|
Batting: RHB Johnny Carson
|
0-0: Called Strike 0-1: Ball 1-1: Foul Ball, location: 2F 1-2: Ball 2-2: Foul Ball, location: 2F 2-2: Foul Ball, location: 2F 2-2: DOUBLE (Flyball, 89D) Jacob Burke scores
|
Pitching: RHP Roberto Ilana
|
|
Batting: RHB Lewis Childress
|
0-0: Ball 1-0: Swinging Strike 1-1: Ball 2-1: Ground out 5-3 (Groundball, 56S) Johnny Carson to third
|
Batting: RHB Haywood Young
|
0-0: Called Strike 0-1: Ground out 4-3 (Groundball, 4)
|
Bottom of the 7th over - 2 run(s), 2 hit(s), 0 error(s), 1 left on base; Alabama 3 - Kentucky 3 |
TOP OF THE 8TH |
Alabama Crimson Tide batting - Pitching for Kentucky Wildcats : RHP Luis Vela
|
Batting: SHB Bobby Riggs
|
0-0: Called Strike 0-1: Called Strike 0-2: Strikes out swinging
|
Batting: LHB Steve Woods
|
0-0: Ball 1-0: Ball 2-0: Foul Ball, location: 2F 2-1: Foul Ball, location: 2F 2-2: Fly out, F7 (Flyball, 7)
|
Batting: LHB Jorge Rivera
|
0-0: Ball 1-0: Called Strike 1-1: Ball 2-1: Fly out, F8 (Flyball, 8RXD)
|
Top of the 8th over - 0 run(s), 0 hit(s), 0 error(s), 0 left on base; Alabama 3 - Kentucky 3 |
BOTTOM OF THE 8TH |
Kentucky Wildcats batting - Pitching for Alabama Crimson Tide : RHP Roberto Ilana
|
Pitching: LHP Daniel Williams
|
|
Batting: LHB Mark Sanders
|
0-0: Called Strike 0-1: Swinging Strike 0-2: Fly out, F9 (Flyball, 9LS)
|
Pitching: RHP François LeDoux
|
|
Batting: RHB Pat Johnston
|
0-0: Foul Ball, location: 2F 0-1: Swinging Strike 0-2: Ball 1-2: Foul Ball, location: 2F 1-2: Fly out, F8 (Flyball, 8LXD)
|
Batting: SHB Eduardo Luna
|
0-0: Ground out 6-3 (Groundball, 6)
|
Bottom of the 8th over - 0 run(s), 0 hit(s), 0 error(s), 0 left on base; Alabama 3 - Kentucky 3 |
TOP OF THE 9TH |
Alabama Crimson Tide batting - Pitching for Kentucky Wildcats : RHP Luis Vela
|
Pitching: RHP Ron Lambert
|
|
Batting: LHB Steve Blankenship
|
0-0: Ball 1-0: Ball 2-0: Ball 3-0: Called Strike 3-1: Foul Ball, location: 2F 3-2: Base on Balls
|
Pinch Hitting: SHB John Fullerton
|
0-0: Foul Ball, location: 2F 0-1: SINGLE (Groundball, 6) (infield hit) Steve Blankenship to second
|
Batting: SHB Dave Wilson
|
0-0: Called Strike 0-1: Ball 1-1: Ball 2-1: Swinging Strike 2-2: Foul Ball, location: 2F 2-2: Foul Ball, location: 2F 2-2: Strikes out swinging
|
Batting: LHB Clarence Bowen
|
0-0: Foul Ball, location: 2F 0-1: Called Strike 0-2: Fly out, F1 (Line Drive, 15S)
|
Batting: RHB Alfredo Bernard
|
0-0: Fly out, F8 (Flyball, 89M)
|
Top of the 9th over - 0 run(s), 1 hit(s), 0 error(s), 2 left on base; Alabama 3 - Kentucky 3 |
BOTTOM OF THE 9TH |
Kentucky Wildcats batting - Pitching for Alabama Crimson Tide : RHP François LeDoux
|
Now at C: Brian Burke
|
|
Batting: LHB Matt Taylor
|
0-0: Ball 1-0: Called Strike 1-1: Ball 2-1: Ground out 4-3 (Groundball, 4)
|
Pinch Hitting: SHB Steve Shaw
|
0-0: Ball 1-0: Ball 2-0: Foul Ball, location: 2F 2-1: Foul Ball, location: 2F 2-2: Fly out, F9 (Line Drive, 9LM)
|
Batting: SHB Russ Beasley
|
0-0: Called Strike 0-1: SINGLE (Groundball, 5S) (infield hit)
|
Batting: RHB Johnny Carson
|
0-0: Called Strike 0-1: Ball 1-1: 2-RUN HOME RUN (Line Drive, 7D), Distance : 346 ft
|
Tuesday, August 8th, 2017 - OOTP Baseball 17.12 Build 75
|
|